| TOP OF THE 1ST |
|
Philadelphia Phillies batting - Pitching for Los Angeles Dodgers : RHP Ray Scifo
|
|
Pitching: RHP Ray Scifo
|
|
|
Batting: SHB Patrick Kimmel
|
0-0: Ball 1-0: Foul Ball, location: 2F 1-1: Foul Ball, location: 2F 1-2: Ball 2-2: Ball 3-2: Base on Balls
|
|
Batting: RHB Ji-an Li
|
0-0: Ball 1-0: Swinging Strike 1-1: Called Strike 1-2: Ball 2-2: Foul Ball, location: 2F 2-2: Foul Ball, location: 2F 2-2: Ball 3-2: Strikes out swinging
|
|
Batting: LHB Nick Canizales
|
0-0: Called Strike 0-1: TRIPLE (Groundball, 3L, EV 95.6 MPH) Patrick Kimmel scores
|
|
Batting: LHB Alberto Figueroa
|
0-0: DOUBLE (Line Drive, 8LXD, EV 106.9 MPH) Nick Canizales scores
|
|
Batting: LHB Jeff Luvisi
|
0-0: Ball 1-0: Called Strike 1-1: Ball 2-1: Swinging Strike 2-2: Strikes out swinging
|
|
Batting: RHB Raul de la Cruz
|
0-0: SINGLE (Groundball, 5D, EV 97.5 MPH) Alberto Figueroa to third Runner from 3rd tries for Home, SAFE, throw by LF to home Raul de la Cruz to second
|
|
Batting: LHB Rich Sullivan
|
0-0: Called Strike 0-1: Ball 1-1: Ball 2-1: Foul Ball, location: 2F 2-2: Ball 3-2: Foul Ball, location: 2F 3-2: Strikes out swinging
|
| Top of the 1st over - 3 runs, 3 hits, 0 errors, 1 left on base; Philadelphia 3 - Los Angeles 0 |
| BOTTOM OF THE 1ST |
|
Los Angeles Dodgers batting - Pitching for Philadelphia Phillies : LHP Marko Emchenko
|
|
Pitching: LHP Marko Emchenko
|
|
|
Batting: SHB Joel Baker
|
0-0: Ball 1-0: Called Strike 1-1: Ball 2-1: Foul Ball, location: 2F 2-2: Ball 3-2: Fly out, F3 (Popup, 3L, EV 78.8 MPH)
|
|
Batting: RHB Tsutomu Irie
|
0-0: Swinging Strike 0-1: Called Strike 0-2: Strikes out looking
|
|
Batting: RHB Clay Buchanan
|
0-0: Called Strike 0-1: SOLO HOME RUN (Flyball, 78XD, EV 105.0 MPH), Distance : 393 ft
|
|
Batting: LHB Lirak Bazhunaishvili
|
0-0: Called Strike 0-1: Ground out 3-1 (Groundball, 34, EV 98.8 MPH)
|
| Bottom of the 1st over - 1 run, 1 hit, 0 errors, 0 left on base; Philadelphia 3 - Los Angeles 1 |
| TOP OF THE 2ND |
|
Philadelphia Phillies batting - Pitching for Los Angeles Dodgers : RHP Ray Scifo
|
|
Batting: SHB Rafael Vazquez
|
0-0: Called Strike 0-1: Ball 1-1: Ball 2-1: Ball 3-1: Called Strike 3-2: SINGLE (Flyball, 8LS, EV 87.5 MPH)
|
|
Batting: RHB Luis Arce
|
0-0: Foul Ball, location: 2F 0-1: Foul Ball, location: 2F 0-2: Strikes out swinging
|
|
Batting: SHB Patrick Kimmel
|
0-0: Ball 1-0: Called Strike 1-1: Swinging Strike 1-2: Strikes out swinging
|
|
Batting: RHB Ji-an Li
|
0-0: Foul Ball, location: 2F 0-1: Ball 1-1: Fly out, F9 (Flyball, 9S, EV 90.0 MPH)
|
| Top of the 2nd over - 0 runs, 1 hit, 0 errors, 1 left on base; Philadelphia 3 - Los Angeles 1 |
| BOTTOM OF THE 2ND |
|
Los Angeles Dodgers batting - Pitching for Philadelphia Phillies : LHP Marko Emchenko
|
|
Batting: LHB Bob Branham
|
0-0: Called Strike 0-1: Ball 1-1: Called Strike 1-2: Fly out, F9 (Flyball, 9, EV 81.3 MPH)
|
|
Batting: SHB Carlos Rodriguez
|
0-0: Ball 1-0: Swinging Strike 1-1: Ball 2-1: Foul Ball, location: 2F 2-2: DOUBLE (Line Drive, 7LS, EV 103.1 MPH)
|
|
Batting: LHB Ryan Taylor
|
0-0: Called Strike 0-1: Swinging Strike 0-2: Ball 1-2: Fly out, F9 (Flyball, 9S, EV 87.5 MPH)
|
|
Batting: LHB Dalton Silveira
|
0-0: Called Strike 0-1: Ball 1-1: Called Strike 1-2: Ball 2-2: Strikes out swinging
|
| Bottom of the 2nd over - 0 runs, 1 hit, 0 errors, 1 left on base; Philadelphia 3 - Los Angeles 1 |
| TOP OF THE 3RD |
|
Philadelphia Phillies batting - Pitching for Los Angeles Dodgers : RHP Ray Scifo
|
|
Batting: LHB Nick Canizales
|
0-0: DOUBLE (Flyball, 8RXD, EV 105.0 MPH)
|
|
Batting: LHB Alberto Figueroa
|
0-0: Ball 1-0: Called Strike 1-1: Called Strike 1-2: Ball 2-2: Ball 3-2: Fly out, F7 (Line Drive, 7LM, EV 112.5 MPH)
|
|
Batting: LHB Jeff Luvisi
|
0-0: Ball Nick Canizales steals 3rd base 1-0: Called Strike 1-1: Ball 2-1: Ball 3-1: Called Strike 3-2: Foul Ball, location: 2F 3-2: Base on Balls
|
|
Batting: RHB Raul de la Cruz
|
0-0: Ball 1-0: Ball 2-0: Called Strike 2-1: Ball Jeff Luvisi steals 2nd base 3-1: Base on Balls
|
|
Batting: LHB Rich Sullivan
|
0-0: Called Strike 0-1: Fielders Choice at 2nd, 6-4 (Groundball, 6, EV 83.1 MPH) Nick Canizales scores Jeff Luvisi to third
|
|
Batting: SHB Rafael Vazquez
|
0-0: Called Strike 0-1: Ball 1-1: Called Strike 1-2: Ball 2-2: Strikes out swinging
|
| Top of the 3rd over - 1 run, 1 hit, 0 errors, 2 left on base; Philadelphia 4 - Los Angeles 1 |
| BOTTOM OF THE 3RD |
|
Los Angeles Dodgers batting - Pitching for Philadelphia Phillies : LHP Marko Emchenko
|
|
Batting: RHB Edwin Soto
|
0-0: Called Strike 0-1: Ball 1-1: Fly out, F4 (Line Drive, 4, EV 71.3 MPH)
|
|
Batting: SHB Joel Baker
|
0-0: Called Strike 0-1: Called Strike 0-2: Foul Ball, location: 2F 0-2: Ball 1-2: Fly out, F7 (Flyball, 7, EV 77.5 MPH)
|
|
Batting: RHB Tsutomu Irie
|
0-0: Ball 1-0: SINGLE (Line Drive, 56, EV 94.4 MPH)
|
|
Batting: RHB Clay Buchanan
|
0-0: Called Strike 0-1: Called Strike 0-2: Ball 1-2: Foul Ball, location: 2F 1-2: Ball 2-2: Ball 3-2: Foul Ball, location: 2F 3-2: SINGLE (Flyball, 8LS, EV 91.3 MPH) Tsutomu Irie to second Tsutomu Irie to third
|
|
Batting: LHB Lirak Bazhunaishvili
|
0-0: Ball 1-0: Called Strike 1-1: Foul Ball, location: 2F 1-2: Foul Ball, location: 2F 1-2: Ball 2-2: Foul Ball, location: 2F 2-2: Foul Ball, location: 2F 2-2: Foul Ball, location: 2F 2-2: Ground out 4-3 (Groundball, 4, EV 95.0 MPH)
|
| Bottom of the 3rd over - 0 runs, 2 hits, 0 errors, 2 left on base; Philadelphia 4 - Los Angeles 1 |
| TOP OF THE 4TH |
|
Philadelphia Phillies batting - Pitching for Los Angeles Dodgers : RHP Ray Scifo
|
|
Batting: RHB Luis Arce
|
0-0: Ball 1-0: Foul Ball, location: 2F 1-1: Ground out 6-3 (Groundball, 6, EV 98.1 MPH)
|
|
Batting: SHB Patrick Kimmel
|
0-0: Called Strike 0-1: Called Strike 0-2: Strikes out looking
|
|
Batting: RHB Ji-an Li
|
0-0: Called Strike 0-1: Ball 1-1: Swinging Strike 1-2: Strikes out swinging
|
| Top of the 4th over - 0 runs, 0 hits, 0 errors, 0 left on base; Philadelphia 4 - Los Angeles 1 |
| BOTTOM OF THE 4TH |
|
Los Angeles Dodgers batting - Pitching for Philadelphia Phillies : LHP Marko Emchenko
|
|
Batting: LHB Bob Branham
|
0-0: Called Strike 0-1: Foul Ball, location: 2F 0-2: Ground out 5-3 (Groundball, 56, EV 81.3 MPH)
|
|
Batting: SHB Carlos Rodriguez
|
0-0: Ground out 6-3 (Groundball, 6, EV 84.4 MPH)
|
|
Batting: LHB Ryan Taylor
|
0-0: Foul Ball, location: 2F 0-1: Ball 1-1: Ball 2-1: Fly out, F6 (Flyball, 5D, EV 91.9 MPH)
|
| Bottom of the 4th over - 0 runs, 0 hits, 0 errors, 0 left on base; Philadelphia 4 - Los Angeles 1 |
| TOP OF THE 5TH |
|
Philadelphia Phillies batting - Pitching for Los Angeles Dodgers : RHP Ray Scifo
|
|
Batting: LHB Nick Canizales
|
0-0: Ball 1-0: Ball 2-0: Ball 3-0: Called Strike 3-1: Called Strike 3-2: Ground out 3-1 (Groundball, 34S, EV 92.5 MPH)
|
|
Batting: LHB Alberto Figueroa
|
0-0: Ball 1-0: Ball 2-0: Ball 3-0: Called Strike 3-1: Swinging Strike 3-2: Strikes out looking
|
|
Batting: LHB Jeff Luvisi
|
0-0: Swinging Strike 0-1: Ball 1-1: Ball 2-1: Ground out 6-3 (Groundball, 6M, EV 81.3 MPH)
|
| Top of the 5th over - 0 runs, 0 hits, 0 errors, 0 left on base; Philadelphia 4 - Los Angeles 1 |
| BOTTOM OF THE 5TH |
|
Los Angeles Dodgers batting - Pitching for Philadelphia Phillies : LHP Marko Emchenko
|
|
Batting: LHB Dalton Silveira
|
0-0: Foul Ball, location: 2F 0-1: Ball 1-1: Ball 2-1: Ball 3-1: Called Strike 3-2: Fly out, F6 (Popup, 6S, EV 73.8 MPH)
|
|
Batting: RHB Edwin Soto
|
0-0: Ground out 2-3 (Groundball, 2L, EV 75.6 MPH)
|
|
Batting: SHB Joel Baker
|
0-0: Called Strike 0-1: Ball 1-1: Foul Ball, location: 2F 1-2: Ball 2-2: Fly out, F4 (Popup, 34S, EV 79.4 MPH)
|
| Bottom of the 5th over - 0 runs, 0 hits, 0 errors, 0 left on base; Philadelphia 4 - Los Angeles 1 |
| TOP OF THE 6TH |
|
Philadelphia Phillies batting - Pitching for Los Angeles Dodgers : RHP Ray Scifo
|
|
Batting: RHB Raul de la Cruz
|
0-0: Ball 1-0: Ball 2-0: Foul Ball, location: 2F 2-1: Swinging Strike 2-2: Fly out, F8 (Flyball, 8LXD, EV 94.4 MPH)
|
|
Pitching: RHP Taylor Drews
|
|
|
Batting: LHB Rich Sullivan
|
0-0: Ball 1-0: Swinging Strike 1-1: Fly out, F7 (Flyball, 7S, EV 95.0 MPH)
|
|
Batting: SHB Rafael Vazquez
|
0-0: Ball 1-0: Foul Ball, location: 2F 1-1: Ground out 4-3 (Groundball, 4, EV 110.0 MPH)
|
| Top of the 6th over - 0 runs, 0 hits, 0 errors, 0 left on base; Philadelphia 4 - Los Angeles 1 |
| BOTTOM OF THE 6TH |
|
Los Angeles Dodgers batting - Pitching for Philadelphia Phillies : LHP Marko Emchenko
|
|
Batting: RHB Tsutomu Irie
|
0-0: Called Strike 0-1: Ball 1-1: Ball 2-1: Foul Ball, location: 2F 2-2: Ball 3-2: Strikes out looking
|
|
Batting: RHB Clay Buchanan
|
0-0: Ground out 4-3 (Groundball, 4, EV 80.0 MPH)
|
|
Batting: LHB Lirak Bazhunaishvili
|
0-0: Ball 1-0: Foul Ball, location: 2F 1-1: Swinging Strike 1-2: Ball 2-2: Ball 3-2: Fly out, F9 (Flyball, 9, EV 93.1 MPH)
|
| Bottom of the 6th over - 0 runs, 0 hits, 0 errors, 0 left on base; Philadelphia 4 - Los Angeles 1 |
| TOP OF THE 7TH |
|
Philadelphia Phillies batting - Pitching for Los Angeles Dodgers : RHP Taylor Drews
|
|
Batting: RHB Luis Arce
|
0-0: Called Strike 0-1: Foul Ball, location: 2F 0-2: Foul Ball, location: 2F 0-2: Ball 1-2: Ball 2-2: Foul Ball, location: 2F 2-2: Foul Ball, location: 2F 2-2: Foul Ball, location: 2F 2-2: Foul Ball, location: 2F 2-2: Ball 3-2: Foul Ball, location: 2F 3-2: Foul Ball, location: 2F 3-2: Foul Ball, location: 2F 3-2: Ground out 5-3 (Groundball, 56, EV 93.8 MPH)
|
|
Batting: SHB Patrick Kimmel
|
0-0: Ball 1-0: Swinging Strike 1-1: Foul Ball, location: 2F 1-2: Ball 2-2: Ball 3-2: Strikes out swinging
|
|
Batting: RHB Ji-an Li
|
0-0: Ball 1-0: Ball 2-0: Ball 3-0: Called Strike 3-1: Base on Balls
|
|
Batting: LHB Nick Canizales
|
0-0: Called Strike 0-1: Ball 1-1: Called Strike 1-2: Strikes out swinging
|
| Top of the 7th over - 0 runs, 0 hits, 0 errors, 1 left on base; Philadelphia 4 - Los Angeles 1 |
| BOTTOM OF THE 7TH |
|
Los Angeles Dodgers batting - Pitching for Philadelphia Phillies : LHP Marko Emchenko
|
|
Batting: LHB Bob Branham
|
0-0: Ball 1-0: Ball 2-0: Foul Ball, location: 2F 2-1: Ground out 4-3 (Groundball, 4, EV 104.4 MPH)
|
|
Batting: SHB Carlos Rodriguez
|
0-0: Called Strike 0-1: Ball 1-1: DOUBLE (Line Drive, 89XD, EV 100.6 MPH)
|
|
Batting: LHB Ryan Taylor
|
0-0: Ball 1-0: Ground out 4-3 (Groundball, 4, EV 90.0 MPH) Carlos Rodriguez to third
|
|
Batting: LHB Dalton Silveira
|
0-0: Ground out 4-3 (Groundball, 4, EV 83.1 MPH)
|
| Bottom of the 7th over - 0 runs, 1 hit, 0 errors, 1 left on base; Philadelphia 4 - Los Angeles 1 |
| TOP OF THE 8TH |
|
Philadelphia Phillies batting - Pitching for Los Angeles Dodgers : RHP Taylor Drews
|
|
Pitching: LHP Lance Crumpton
|
|
|
Batting: LHB Alberto Figueroa
|
0-0: Foul Ball, location: 2F 0-1: Ground out 4-3 (Groundball, 4M, EV 88.8 MPH)
|
|
Batting: LHB Jeff Luvisi
|
0-0: Called Strike 0-1: Swinging Strike 0-2: Ball 1-2: Foul Ball, location: 2F 1-2: SOLO HOME RUN (Flyball, 78XD, EV 105.6 MPH), Distance : 407 ft
|
|
Batting: RHB Raul de la Cruz
|
0-0: Swinging Strike 0-1: Ball 1-1: Foul Ball, location: 2F 1-2: Ball 2-2: SINGLE (Groundball, 4MD, EV 75.6 MPH) (infield hit)
|
|
Batting: LHB Rich Sullivan
|
0-0: Foul Ball, location: 2F 0-1: Foul Ball, location: 2F 0-2: Ball 1-2: Strikes out looking
|
|
Batting: SHB Rafael Vazquez
|
0-0: Called Strike 0-1: Ball 1-1: Called Strike 1-2: Foul Ball, location: 2F 1-2: Ball 2-2: Foul Ball, location: 2F 2-2: Ball 3-2: Strikes out looking
|
| Top of the 8th over - 1 run, 2 hits, 0 errors, 1 left on base; Philadelphia 5 - Los Angeles 1 |
| BOTTOM OF THE 8TH |
|
Los Angeles Dodgers batting - Pitching for Philadelphia Phillies : LHP Marko Emchenko
|
|
Pitching: LHP Luis Concepcion
|
|
|
Batting: RHB Edwin Soto
|
0-0: Swinging Strike 0-1: Ball 1-1: Foul Ball, location: 2F 1-2: Ball 2-2: Ball 3-2: Foul Ball, location: 2F 3-2: Base on Balls
|
|
Batting: SHB Joel Baker
|
0-0: Called Strike 0-1: Ball 1-1: Swinging Strike 1-2: Ball 2-2: Ball Wild Pitch! Edwin Soto to second 3-2: Strikes out swinging
|
|
Batting: RHB Tsutomu Irie
|
0-0: Called Strike 0-1: Foul Ball, location: 2F 0-2: Ball 1-2: DOUBLE (Line Drive, 8RD, EV 91.3 MPH) Edwin Soto scores
|
|
Batting: RHB Clay Buchanan
|
0-0: Ground out 4-3 (Groundball, 4, EV 80.0 MPH) Tsutomu Irie to third
|
|
Batting: LHB Lirak Bazhunaishvili
|
0-0: Called Strike 0-1: Ball 1-1: Ball 2-1: Ground out 4-3 (Groundball, 4, EV 76.9 MPH)
|
| Bottom of the 8th over - 1 run, 1 hit, 0 errors, 1 left on base; Philadelphia 5 - Los Angeles 2 |
| TOP OF THE 9TH |
|
Philadelphia Phillies batting - Pitching for Los Angeles Dodgers : LHP Lance Crumpton
|
|
Pitching: LHP Sam Zegarelli
|
|
|
Batting: RHB Luis Arce
|
0-0: Called Strike 0-1: Called Strike 0-2: Strikes out swinging
|
|
Batting: SHB Patrick Kimmel
|
0-0: Ball 1-0: Called Strike 1-1: Ball 2-1: Ball 3-1: Base on Balls
|
|
Batting: RHB Ji-an Li
|
0-0: Ball 1-0: Ball 2-0: Foul Ball, location: 2F 2-1: Swinging Strike 2-2: Strikes out swinging
|
|
Batting: LHB Nick Canizales
|
0-0: Ball 1-0: Ball 2-0: Called Strike 2-1: Ball 3-1: Ground out U3 (Groundball, 3L, EV 78.8 MPH)
|
| Top of the 9th over - 0 runs, 0 hits, 0 errors, 1 left on base; Philadelphia 5 - Los Angeles 2 |
| BOTTOM OF THE 9TH |
|
Los Angeles Dodgers batting - Pitching for Philadelphia Phillies : LHP Luis Concepcion
|
|
Pitching: RHP Rico Romero
|
|
|
Batting: LHB Bob Branham
|
0-0: Ball 1-0: Called Strike 1-1: Ground out 6-3 (Groundball, 4, EV 96.9 MPH)
|
|
Batting: SHB Carlos Rodriguez
|
0-0: Ball 1-0: Foul Ball, location: 2F 1-1: Swinging Strike 1-2: SINGLE (Groundball, 6, EV 96.9 MPH)
|
|
Batting: LHB Ryan Taylor
|
0-0: Ball 1-0: Ball 2-0: Ball 3-0: Fielders Choice at 2nd, 5-4 (Groundball, 56S, EV 76.9 MPH)
|
|
Batting: LHB Dalton Silveira
|
0-0: Ball 1-0: Ball 2-0: Foul Ball, location: 2F 2-1: Called Strike 2-2: Ball 3-2: Strikes out swinging
|
| Bottom of the 9th over - 0 runs, 1 hit, 0 errors, 1 left on base; Philadelphia 5 - Los Angeles 2 |
|